 Dungeon Crawl Stone Soup version 0.28-a0-1594-ga885d4b3d6 (webtiles) character file.

Game seed: 9697984512314367683

26 issech the Skirmisher (level 2, -5/29 HPs)
             Began as a Troll Fighter on Jan 20, 2022.
             Slain by an orc (6 damage)
             ... on level 2 of the Dungeon.
             The game lasted 00:02:22 (634 turns).

issech the Skirmisher (Troll Fighter)                Turns: 634, Time: 00:02:22

Health: -5/29      AC:  4    Str: 23    XL:     2   Next: 89%
Magic:  1/1        EV:  8    Int:  4    God:
Gold:   48         SH:  0    Dex:  9    Spells: 1/1 levels left

rFire   . . .      SeeInvis .   a - +0 flail
rCold   . . .      Faith    .   c - +0 kite shield
rNeg    . . .      Spirit   .   b - +0 robe
rPois   .          Reflect  .   (helmet restricted)
rElec   .          Harm     .   (no cloak)
rCorr   +          Rampage  .   (gloves unavailable)
Will    .....                   (boots unavailable)
Stlth   +.........              (no amulet)
HPRegen 0.89/turn               m - ring of resist corrosion
MPRegen 0.07/turn               (no ring)

@: confused, mighty
A: large, unfitting armour, claws 3, regeneration 1, shaggy fur 1, tough skin 1
a: no special abilities


You were on level 2 of the Dungeon.
You visited 1 branch of the dungeon, and saw 2 of its levels.

You collected 48 gold pieces.

Inventory:

Hand Weapons
 a - a +0 flail (weapon)
 n - a +0 dagger of venom
Missiles
 g - 41 stones
 k - 5 boomerangs (quivered)
Armour
 b - a +0 robe (worn)
 c - a +0 kite shield (worn)
Jewellery
 m - a ring of resist corrosion (left claw)
Scrolls
 e - a scroll of amnesia {unknown}
 h - a scroll of identify {unknown}
 i - a scroll of holy word {unknown}
 l - a scroll of silence {unknown}
Potions
 f - a potion of degeneration {unknown}
 j - a potion of brilliance {unknown}


   Skills:
 + Level 2.7 Fighting
 + Level 2.1 Maces & Flails
 + Level 0.1 Throwing
 + Level 2.6 Dodging
 + Level 0.1 Stealth
 + Level 2.6 Shields


You had one spell level left.
You didn't know any spells.
Your spell library was empty.

Dungeon Overview and Level Annotations

Branches:
Dungeon (2/15)

Altars:

Shops:
D:1 !


Innate Abilities, Weirdness & Mutations

You are too large for most types of armour.
You have claws for hands.
Your natural rate of healing is unusually fast.
You are covered in fur. (AC +1)
You have tough skin. (AC +1)


Message History

You closely miss the adder.
The adder is lightly wounded.
You feel sick.
You block the bat's attack. x2; The adder bites you.
You barely miss the adder.
The adder is lightly wounded.
You feel sick. The bat hits you but does no damage.
You block the adder's attack. The orc hits you with a +0 short sword.
The adder closely misses you.
You feel sick. The bat hits you but does no damage.
Something hits you but does no damage. The orc hits you but does no damage. x2
You block the adder's attack. The orc closely misses you.
Things that are here:
a +0 dagger of venom; 5 stones
Okay, then.
n - a +0 dagger of venom You feel sick.
You hear some strange, mumbled words.
You are confused.
The orc hits you but does no damage. x2; The adder bites you.
The orc closely misses you. The orc hits you with a +0 short sword.
You bump into the rock wall.
You feel sick. Something hits you but does no damage. The adder bites you.
* * * LOW HITPOINT WARNING * * *
The orc completely misses you. The orc hits you with a +0 club.
* * * LOW HITPOINT WARNING * * *
The orc hits you with a +0 short sword.
* * * LOW HITPOINT WARNING * * *
Unknown command.
Unknown command.
Unknown command.
You feel very mighty all of a sudden.
You feel sick.
You are no longer poisoned.
The adder bites you.
* * * LOW HITPOINT WARNING * * *
Something hits you.
* * * LOW HITPOINT WARNING * * *
An endoplasm comes into view.
The orc hits you with a +0 falchion.
You die...

... .. ##.#..#.. ..
#........ ## #.
#........ ... #)
#........
....##.####..<.....
........ob.........
..J##.<.o#o.......
o.......<{@S.......
....#...###o.......
.......## #########
....... .......
####... #... ##


You could see an adder, 4 orcs, an endoplasm (wandering) and a bat.

Vanquished Creatures
  A dart slug (D:1)
  5 ball pythons (D:1)
  4 endoplasms (D:1)
  2 hobgoblins (D:1)
  2 kobolds
  3 quokkas (D:1)
  2 frilled lizards (D:1)
  A rat (D:1)
20 creatures vanquished.

Notes
Turn   | Place    | Note
-------+----------+-------------------------------------------
     0 | D:1      | issech the Troll Fighter began the quest for the Orb.
     0 | D:1      | Reached XP level 1. HP: 22/22 MP: 0/0
   112 | D:1      | Reached XP level 2. HP: 29/29 MP: 1/1
   361 | D:1      | Found Diutz's Distillery.
   634 | D:2      | HP: 1/29 [something (1)]
   634 | D:2      | Slain by an orc

Illustrated notes

Levels and vault maps discovered:
D:1:      dpeg_arrival_three_bigger_balls, layout_rooms, serial_shops,
          nicolae_shop_behind_doors
D:2:      layout_rooms, basic_altar

Skill      XL: |  1  2 |
---------------+-------+-----
Maces & Flails | 2 |  2.1
Fighting       | |  2.7
Throwing       | |  0.1
Dodging        | |  2.6
Stealth        | |  0.1
Shields        | |  2.6

Action                   || total
-------------------------++-------
Melee: Flail             ||    62
Throw: Boomerang         ||     4
  Use: Potion            ||     1
Armor: Robe              ||    23
Dodge: Dodged            ||    33
Block: Kite shield       ||    27

Table legend: (Time is in decaauts)
 A = Elapsed time spent in this place.
 B = Non-inter-level travel time spent in this place.
 C = Inter-level travel time spent in this place.
 D = Time resting spent in this place.
 E = Time spent auto-exploring this place.
 F = Levels seen in this place.
 G = Mean time per level.
                   A        B        C        D        E       F      G
               +--------+--------+--------+--------+--------+-----+--------+
         Total |    661 |    612 |     49 |      0 |    363 |   2 |  330.5 |
       Dungeon |    661 |    612 |     49 |      0 |    363 |   2 |  330.5 |
               +--------+--------+--------+--------+--------+-----+--------+

Top non-repeatable levels by time:
     D:1: 647 daAuts
     D:2: 14 daAuts
